 Dungeon Crawl Stone Soup version 0.28.0 (webtiles) character file.

Game seed: 1618152634022226968

81 wakim the Skirmisher (level 4, -22/41 HPs)
             Began as a Minotaur Fighter on Feb 11, 2022.
             Engulfed by a cloud of flame (23 damage)
             ... on level 3 of the Dungeon.
             The game lasted 00:05:44 (2207 turns).

wakim the Skirmisher (Minotaur Fighter)             Turns: 2207, Time: 00:05:45

Health: -22/41     AC: 10    Str: 22    XL:     4   Next: 20%
Magic:  0/3        EV: 10    Int:  5    God:
Gold:   132        SH:  5    Dex: 12    Spells: 3/3 levels left

rFire   . . .      SeeInvis .   a - +2 whip (freeze)
rCold   . . .      Faith    .   c - +0 buckler
rNeg    . . .      Spirit   +   S - +5 ring mail of Catatonia {+Blink Str+2}
rPois   .          Reflect  .   (helmet restricted)
rElec   .          Harm     .   (no cloak)
rCorr   .          Rampage  .   (no gloves)
Will    .....                   (no boots)
Stlth   +.........              Y - amulet of guardian spirit
HPRegen 0.13/turn               (no ring)
MPRegen 0.08/turn               (no ring)

@: no status effects
A: horns 2, retaliatory headbutt
a: Evoke Blink


You were on level 3 of the Dungeon.
You visited 1 branch of the dungeon, and saw 3 of its levels.

You collected 132 gold pieces.

Inventory:

Hand Weapons
 a - a +2 whip of freezing (weapon)
Missiles
 s - 37 stones (quivered)
 T - a throwing net {=f!f}
Armour
 c - a +0 buckler (worn)
 S - the +5 ring mail of Catatonia (worn) {+Blink Str+2}
   (You found it on level 2 of the Dungeon)

   Str:       It affects your strength (+2).
   +Blink:    It lets you blink.
Jewellery
 Y - an amulet of guardian spirit (around neck)
Scrolls
 Z - a scroll of silence {!r}
Potions
 L - a potion of lignification {!q}
 N - a potion of might
 Q - 2 potions of heal wounds {unknown}
 R - a potion of flight {unknown}
 U - a potion of attraction {unknown}
 V - a potion of mutation {unknown}
 X - a potion of haste {unknown}


   Skills:
 * Level 4.6 Fighting
 * Level 3.6 Maces & Flails
 + Level 4.2 Armour
 + Level 4.1 Shields


You had 3 spell levels left.
You didn't know any spells.
Your spell library was empty.

Dungeon Overview and Level Annotations

Branches:
Dungeon (3/15)

Altars:
Qazlal

Shops:
D:1 :(:[


Innate Abilities, Weirdness & Mutations

You have a pair of horns on your head.
You reflexively headbutt those who attack you in melee.


Message History

You hit the adder. You freeze the adder.
You kill the adder!
No target in view!
P - a scroll labelled DUOMUPR VATHRIA You now have 132 gold pieces (gained 18).
You see here a +0 hand axe.
s - 37 stones (gained 20)
There is an open door here.
You open the door.
An endoplasm comes into view.
The endoplasm quivers.
The endoplasm moves out of view.
Found a faded altar of an unknown god.
There is an open door here.
You hit the endoplasm. You freeze the endoplasm.
You kill the endoplasm!
There is a faded altar of an unknown god here.
There is a faded altar of an unknown god here.
There is an open door here.
There is a stone staircase leading down here.
You climb downwards.
The hobgoblin shouts!
There is a stone staircase leading up here.
Okay, then.
As you read the scroll labelled DUOMUPR VATHRIA, it crumbles to dust.
You feel aware of your surroundings.
You sensed 2 altars.
It was a scroll of magic mapping.
As you read the scroll labelled QAPLAA GOOGA, it crumbles to dust.
The creatures around you are filled with an inner flame!
It was a scroll of immolation.
A dart slug comes into view.
The hobgoblin hits you but does no damage.
You barely miss the hobgoblin. You headbutt the hobgoblin.
The hobgoblin explodes!
The fiery explosion engulfs you!!!
Ouch! That really hurt!
* * * LOW HITPOINT WARNING * * *
You are engulfed in blazing flames.
Ouch! That really hurt!
You die...

**,*,,,*,,* ****
#..#,_,*,,******* ,,,**
#..#,,,*,,,,,,,,*
,,,,***##*######..##,**,***,,,,*
,,,,,,...##.....w..#,*,,**,,**,*
,,,,,,...........#.#,*,,*,,***,*
,,,,,,.......>.§...#,*,,*,****,*
,,,,,,.........§§§.#+#..,,*,,,,*
,,,,,,.........§@§......,**,****
*,,,,,............#..[##***,****
,,,,,,............#,*## **,,,,,**
,,,,,,.......<....#,* **,,,,,,,*
*,,,,,...........##,* *,,,,,,,,,
*,,,,,....#.........# *,,,,,>,,,
,,,,*,.....#####.####***,,,,,,,,,
*,,,*,.....***,..#*,,,**,,,,,,,,,
,,,,**,#..,,,,,,..,,,,**,,,,,,,,,


You could see a dart slug.

Vanquished Creatures
  Jessica (D:2)
  3 adders (D:2)
  2 dart slugs
  An orc (D:2)
  A bat (D:1)
  6 endoplasms
  A giant cockroach (D:1)
  A hobgoblin (D:3)
  2 kobolds (D:1)
  A quokka (D:2)
  2 ball pythons
  2 frilled lizards (D:2)
  5 rats
28 creatures vanquished.

Notes
Turn   | Place    | Note
-------+----------+-------------------------------------------
     0 | D:1      | wakim the Minotaur Fighter began the quest for the Orb.
     0 | D:1      | Reached XP level 1. HP: 19/19 MP: 0/0
   168 | D:1      | !bestwep
   213 | D:1      | Found Onaan's Book Shoppe.
   224 | D:1      | Reached XP level 2. HP: 27/27 MP: 1/1
   423 | D:1      | Found Jiujum's Antique Armour Emporium.
   561 | D:1      | Found Genkun's Book Emporium.
   634 | D:1      | Found Zatog's Antique Weapon Emporium.
  1090 | D:2      | Reached XP level 3. HP: 17/33 MP: 2/2
  1351 | D:2      | Noticed Jessica
  1360 | D:2      | Killed Jessica
  1558 | D:2      | Identified the +5 ring mail of Catatonia {+Blink Str+2}
  2001 | D:2      | Found a stormy altar of Qazlal.
  2127 | D:2      | Reached XP level 4. HP: 40/41 MP: 3/3
  2162 | D:2      | Found a faded altar of an unknown god.
  2207 | D:3      | HP: 1/41 [spore (40)]
  2207 | D:3      | Engulfed by a cloud of flame

Illustrated notes

####....# ###....#
#......######## ####
#.#######.....# ....
##.....# #.###.# .....
.......###...#.####.....
...#....†...............
'''###.#.#.....###......
...# #.#.#.#....@.r$....
...# #.#...##...........
...###.###..............
....##.# #.#...........?
....##.# ###.....#......
.≈...#.. .......#......
.≈...## ###$....#......
≈≈≈...# #.....#......
≈≈≈...## #.....# .....


Turn 168 on D:1: !bestwep

Levels and vault maps discovered:
D:1:      lemuel_arrival_funnel, layout_basic, serial_shops, shop, shop,
          nicolae_shop_statue_plus, shop
D:2:      layout_basic, hellmonk_ecumenical_altar_slurped_away, basic_altar,
          kennysheep_generic_room_2, uniq_jessica
D:3:      layout_rooms, mainiacjoe_overflow_surrounded_room, lemuel_tele_altar,
          uniq_grinder, uniq_terence

Skill      XL: |  1  2  3 |
---------------+----------+-----
Fighting       | 4 |  4.6
Maces & Flails | 3 |  3.6
Armour         | 4 |  4.2
Shields        | 4 |  4.1

Action                   |  1- 3 |  4- 6 || total
-------------------------+-------+-------++-------
Melee: Flail             |    10 |       ||    10
       Whip              |    41 |     6 ||    47
       Headbutt          |     5 |     1 ||     6
  Use: Scroll            |     7 |     2 ||     9
Armor: Scale mail        |    19 |       ||    19
       Ring mail         |     2 |     4 ||     6
Dodge: Dodged            |    14 |       ||    14
Block: Buckler           |     6 |       ||     6
